AoeStats
← TheDayOfDurin

Black Forest

510368893Analyzed
4v4 RM · 1d ago on Sep 30, 2026· 56m 9s· 8 players
Game mode
Random Map
Map size
Large (8 player)
Population
200
Speed
Normal
Resources
Standard
Victory
Conquest
Starting age
Dark Age
Ending age
Imperial Age
RankedLock teamsTeams togetherTeam positionsShared explorationLock speedFull tech treeHidden civsTurbo modeCheats
Victory
Defeat
🇨🇱 Vietnamese · Chile
861
+16
🇫🇷 Franks · France
833
+18
🇹🇷 Turks · Türkiye
799
+19
🇦🇷 Ethiopians · Argentina
796
+19
🇮🇹 Burgundians · Italy
891
-19
🇮🇹 Ethiopians · Italy
889
-19
🇫🇮 Goths · Finland
846
-17
🇮🇹 Persians · Italy
845
-17
hattivatti266
11:18 Feudal Age
13:14 Wheelbarrow
12:59 Double-Bit Axe
15:18 Castle Age
17:03 Wheelbarrow
18:07 Bow Saw
18:33 Horse Collar
23:07 Stone Mining
24:13 Fishing Lines
25:32 Hand Cart
25:26 Heavy Plow
25:23 Gold Mining
28:03 Pikeman
28:05 Man-at-Arms
28:50 Scale Mail Armor
31:36 Imperial Age
29:53 Long Swordsman
31:38 Two-Handed Swordsman
32:20 Squires
32:39 Scale Barding Armor
32:50 Chain Mail Armor
32:28 Fletching
34:04 Anarchy
34:09 Padded Archer Armor
33:59 Loom
34:02 Elite Huskarl
35:36 Leather Archer Armor
36:33 Stone Shaft Mining
35:44 Champion
37:50 Chemistry
36:12 Crossbowman
38:00 Two-Man Saw
37:34 Crop Rotation
36:53 Halberdier
38:29 Perfusion
42:03 Onager
44:59 Ring Archer Armor
TheDayOfDurin
0:28 Loom
13:10 Feudal Age
17:42 Castle Age
16:50 Gold Mining
16:48 Horse Collar
28:00 Imperial Age
26:49 Heavy Plow
26:38 Double-Bit Axe
27:33 Wheelbarrow
26:23 Pikeman
27:04 Stone Mining
28:43 Fletching
29:04 Forging
28:56 Scale Mail Armor
29:02 Scale Barding Armor
32:36 Conscription
33:22 Husbandry
33:33 Bloodlines
35:20 Iron Casting
34:14 Light Cavalry
36:29 Crop Rotation
36:14 Bow Saw
36:08 Caravan
37:56 Chain Mail Armor
40:23 Chemistry
40:05 Plate Mail Armor
39:41 Elite Skirmisher
41:48 Blast Furnace
40:52 Squires
40:38 Gambesons
42:11 Heavy Camel Rider
46:58 Two-Man Saw
48:28 Fletching
48:39 Padded Archer Armor
49:23 Chain Barding Armor
50:19 Bodkin Arrow
50:39 Leather Archer Armor
51:43 Plate Barding Armor
Rick Il Rosso
0:26 Loom
15:15 Feudal Age
13:36 Double-Bit Axe
13:33 Horse Collar
15:03 Gold Mining
16:49 Bow Saw
16:43 Heavy Plow
21:41 Castle Age
23:22 Two-Man Saw
23:16 Crop Rotation
23:04 Husbandry
22:25 Cavalier
27:03 Wheelbarrow
26:13 Town Watch
28:39 Fortified Wall
30:49 Hand Cart
31:02 Caravan
31:24 Scale Barding Armor
38:55 Imperial Age
35:57 Pikeman
36:21 Elite Skirmisher
37:04 Squires
39:02 Ballistics
39:13 Chain Barding Armor
39:04 Forging
38:45 Fletching
38:55 Padded Archer Armor
40:36 Chemistry
39:24 Paladin
42:24 Halberdier
46:47 Light Cavalry
47:59 Hussar
48:43 Flemish Revolution
49:58 Conscription
DanTe
0:26 Loom
13:45 Feudal Age
16:21 Double-Bit Axe
19:51 Castle Age
17:35 Horse Collar
26:09 Bow Saw
27:14 Heavy Plow
30:03 Wheelbarrow
31:59 Wheelbarrow
37:25 Hand Cart
41:48 Imperial Age
41:53 Elite Skirmisher
44:58 Fletching
45:08 Padded Archer Armor
HORIZONUF
0:57 Loom
11:31 Feudal Age
12:05 Double-Bit Axe
19:37 Castle Age
19:13 Gold Mining
20:35 Husbandry
20:47 Scale Barding Armor
22:59 Wheelbarrow
22:55 Bow Saw
24:57 Town Watch
25:26 Forging
26:56 Stone Mining
26:53 Fishing Lines
29:39 Hand Cart
29:25 Town Patrol
33:39 Imperial Age
31:26 Gillnets
32:18 Ballistics
33:13 Gold Shaft Mining
33:10 Fortified Wall
33:45 Chain Barding Armor
34:15 Caravan
35:40 Chemistry
34:21 Treadmill Crane
34:49 Cavalier
35:34 Chivalry
36:39 Masonry
36:56 Paladin
38:39 Iron Casting
39:18 Conscription
40:11 Heavy Scorpion
44:11 Architecture
44:53 Plate Barding Armor
45:19 Blast Furnace
44:57 Hoardings
45:48 Light Cavalry
47:43 Elite Throwing Axeman
54:29 Ordonnance Companies
55:36 Capped Ram
Nalia
3:05 Loom
10:43 Feudal Age
12:18 Double-Bit Axe
14:31 Wheelbarrow
13:52 Horse Collar
16:35 Gold Mining
19:11 Castle Age
17:51 Fletching
18:02 Padded Archer Armor
19:35 Fishing Lines
20:17 Stone Mining
21:14 Gillnets
21:18 Town Watch
22:02 Bodkin Arrow
23:42 Bow Saw
25:13 Leather Archer Armor
25:40 Heavy Plow
28:35 Hand Cart
31:58 Imperial Age
29:57 Husbandry
30:07 Bloodlines
30:52 Scale Barding Armor
31:44 Caravan
32:14 Thumb Ring
31:32 Elite Skirmisher
33:32 Guilds
34:51 Ballistics
35:34 Chemistry
34:38 Bracer
35:27 Ring Archer Armor
35:39 Paper Money
36:22 Forging
36:35 Chain Barding Armor
36:53 Crop Rotation
36:48 Chatras
38:05 Siege Engineers
38:14 Elite Rattan Archer
41:30 Elite Battle Elephant
43:00 Plate Barding Armor
43:01 Iron Casting
44:58 Town Patrol
49:28 Masonry
49:15 Murder Holes
55:53 Fortified Wall
56:25 Hoardings
pumperbars
3:37 Loom
12:00 Feudal Age
17:12 Double-Bit Axe
19:55 Castle Age
19:41 Wheelbarrow
19:54 Wheelbarrow
21:34 Bow Saw
27:32 Hand Cart
31:07 Imperial Age
29:29 Ballistics
33:33 Padded Archer Armor
33:23 Fletching
37:59 Leather Archer Armor
37:40 Bodkin Arrow
39:02 Bloodlines
45:13 Ring Archer Armor
44:50 Scale Barding Armor
47:43 Caravan
47:53 Scale Mail Armor
47:57 Bracer
49:34 Chain Barding Armor
49:14 Scale Mail Armor
49:25 Forging
55:10 Husbandry
54:34 Cavalier
PlaneBow2693438
6:54 Loom
7:04 Loom
14:08 Feudal Age
19:37 Castle Age
17:55 Double-Bit Axe
17:57 Horse Collar
18:34 Gold Mining
21:24 Wheelbarrow
24:30 Arson
26:08 Squires
35:01 Imperial Age
34:27 Stone Mining
36:19 Hand Cart
38:41 Bow Saw
39:11 Heavy Plow
39:44 Capped Ram
40:47 Royal Heirs
41:11 Conscription
42:27 Guilds
42:48 Coinage
42:18 Caravan
42:37 Siege Ram
45:16 Chemistry
44:08 Heated Shot
44:31 Elite Shotel Warrior
48:13 Torsion Engines
55:37 Banking
Connection lost

Rejoining the realm…

Still unreachable

The connection could not be restored.

Session expired

The server has moved on; the page needs a fresh start.